Map: Frost LE

Players

KingLucky - Winner!

  • Race: Protoss Protoss
  • League: Grandmaster

TAGurPRGNANT

  • Race: Terran Terran
  • League: Grandmaster

Event: Cheesadelphia Summer 2016

VOD

Have the link to the VOD?

Description

Time

  • Played on: July 23, 2016, 6:19 p.m.
  • Length: 9:21

All games in this series

Show
View Real Time Build Order
Export as new Build Order

KingLucky Protoss - Winner!

Build Orders: 1 Gate Expand, Blink Stalkers 

Get SALT Encoding   

  12  0:00  Probe (Chrono Boost)  
  13  0:11  Probe (Chrono Boost)  
  14  0:17  Pylon  
  14  0:22  Probe (Chrono Boost)  
  15  0:35  Probe (Chrono Boost)  
  16  0:36  Gateway  
  16  0:41  Assimilator  
  16  0:46  Probe (Chrono Boost)  
  17  0:56  Probe (Chrono Boost)  
  18  1:07  Probe (Chrono Boost)  
  19  1:19  Nexus  
  19  1:22  Probe (Chrono Boost)  
  20  1:31  Cybernetics Core  
  20  1:35  Probe (Chrono Boost)  
  21  1:40  Assimilator  
  21  1:45  Probe (Chrono Boost)  
  22  1:49  Pylon  
  22  1:56  Probe (Chrono Boost)  
  23  2:08  Mothership Core (Chrono Boost)  
  25  2:11  Adept  
  27  2:19  Warp Gate  
  27  2:25  Pylon  
  27  2:26  Probe (Chrono Boost)  
  28  2:32  Probe (Chrono Boost)  
  28  2:36  Probe (Chrono Boost)  
  30  2:42  Robotics Facility  
  30  2:43  Probe (Chrono Boost)  
  31  2:47  Probe (Chrono Boost)  
  31  2:54  Probe (Chrono Boost)  
  31  2:58  Probe (Chrono Boost)  
  33  3:01  Twilight Council  
  33  3:05  Probe (Chrono Boost)  
  34  3:08  Probe (Chrono Boost)  
  35  3:15  Probe (Chrono Boost)  
  35  3:19  Probe (Chrono Boost)  
  37  3:23  Blink  
  37  3:26  Probe (Chrono Boost)  
  38  3:29  Probe (Chrono Boost)  
  39  3:34  Gateway  
  39  3:35  Observer  
  39  3:36  Probe (Chrono Boost), Gateway  
  42  3:42  Probe (Chrono Boost)  
  42  3:47  Probe (Chrono Boost)  
  43  3:48  Pylon  
  43  3:54  Probe (Chrono Boost)  
  44  3:57  Probe (Chrono Boost), Observer  
  46  4:06  Probe (Chrono Boost)  
  46  4:08  Probe (Chrono Boost)  
  48  4:11  Nexus  
  48  4:12  Pylon  
  49  4:18  Probe (Chrono Boost)  
  49  4:23  Probe (Chrono Boost)  
  50  4:28  Stalker x2  
  50  4:30  Probe (Chrono Boost), Stalker  
  57  4:35  Warp Prism  
  57  4:38  Probe (Chrono Boost)  
  60  4:45  Probe (Chrono Boost)  
  61  4:49  Probe (Chrono Boost)  
  61  4:51  Stalker x2  
  66  4:53  Stalker  
  66  4:57  Pylon  
  66  4:58  Assimilator  
  68  5:04  Assimilator  
  68  5:12  Gateway  
  68  5:13  Gateway  
  68  5:15  Gateway  
  68  5:19  Resonating Glaives  
  68  5:22  Stalker x3  
  68  5:27  Probe (Chrono Boost)  
  75  5:33  Probe (Chrono Boost)  
  76  5:36  Probe (Chrono Boost)  
  76  5:39  Probe (Chrono Boost)  
  78  5:45  Gateway  
  78  5:46  Gateway  
  78  5:49  Probe (Chrono Boost)  
  79  5:52  Forge  
  79  5:54  Observer  
  80  5:57  Probe (Chrono Boost)  
  80  6:02  Probe x2 (Chrono Boost)  
  80  6:03  Adept x3  
  88  6:10  Probe (Chrono Boost)  
  89  6:12  Pylon  
  89  6:15  Protoss Ground Weapons Level 1, Pylon  
  89  6:24  Pylon  
  89  6:25  Probe (Chrono Boost), Observer  
  91  6:26  Probe (Chrono Boost)  
  91  6:29  Probe (Chrono Boost)  
  92  6:33  Forge  
  92  6:36  Adept x4  
  92  6:37  Probe (Chrono Boost)  
  92  6:38  Adept  
  103  6:45  Probe (Chrono Boost)  
  103  6:46  Probe (Chrono Boost)  
  105  6:51  Pylon  
  105  6:52  Pylon  
  105  6:54  Adept x3  
  109  6:59  Adept x3  
  115  7:13  Adept x2  
  119  7:16  Adept x3  
  108  7:25  Adept  
  108  7:26  Adept  
  108  7:27  Adept  
  100  7:36  Adept  
  100  7:37  Adept x5  
  87  7:41  Probe x2 (Chrono Boost)  
  85  7:47  Probe (Chrono Boost)  
  84  7:52  Stalker x2  
  84  7:54  Pylon  
  84  7:56  Probe x2 (Chrono Boost)  
  84  7:58  Probe (Chrono Boost)  
  89  8:00  Adept x3  
  89  8:01  Adept  
  97  8:08  Probe (Chrono Boost)  
  98  8:18  Probe (Chrono Boost)  
  101  8:22  Mothership Core (Chrono Boost)  
  101  8:26  Adept x8  
  117  8:30  Probe (Chrono Boost)  
  118  8:35  Gateway  
  116  8:49  Adept x7, Pylon  
  116  8:52  Adept  
  124  9:11  Adept x6  
  124  9:12  Adept x2  
Show
View Real Time Build Order
Export as new Build Order

TAGurPRGNANT Terran 

Build Orders: Command Center First (CC), MMM Bio 

Get SALT Encoding   

  12  0:00  SCV  
  13  0:12  SCV  
  14  0:18  Supply Depot  
  14  0:24  SCV  
  15  0:40  SCV  
  16  0:52  SCV  
  17  1:01  Command Center  
  17  1:07  SCV  
  18  1:15  Barracks  
  18  1:20  SCV  
  19  1:32  Barracks  
  19  1:37  SCV  
  20  1:47  Barracks  
  20  1:51  SCV  
  21  2:03  Marine  
  21  2:05  Orbital Command  
  22  2:16  Orbital Command  
  22  2:18  Marine  
  23  2:23  Marine  
  23  2:27  Supply Depot  
  24  2:32  Refinery  
  24  2:36  SCV  
  25  2:37  Marine  
  25  2:41  SCV  
  27  2:44  Marine  
  27  2:48  SCV  
  29  2:53  SCV  
  29  2:55  Marine  
  29  2:56  Marine  
  31  3:00  SCV  
  31  3:01  Engineering Bay  
  32  3:05  SCV  
  32  3:06  Marine  
  32  3:12  SCV  
  35  3:14  Barracks  
  35  3:15  Marine x2  
  35  3:18  SCV  
  38  3:23  Marine  
  38  3:24  SCV  
  40  3:33  Terran Infantry Weapons Level 1, SCV  
  40  3:34  Refinery  
  40  3:35  Marine x2  
  40  3:37  SCV  
  43  3:46  Marine, SCV  
  43  3:48  Barracks  
  45  3:54  Barracks Tech Lab  
  45  3:55  Marine  
  46  4:03  Supply Depot  
  46  4:08  Refinery  
  46  4:14  Supply Depot, Stimpack  
  46  4:19  Supply Depot  
  46  4:21  Barracks Reactor  
  46  4:22  Barracks Tech Lab  
  46  4:24  Marine  
  46  4:25  SCV x2  
  46  4:29  Supply Depot  
  49  4:36  Marine  
  49  4:37  SCV  
  49  4:38  Marauder  
  53  4:40  Supply Depot, SCV  
  53  4:42  Marine  
  53  4:44  Factory  
  55  4:54  SCV  
  55  4:57  Barracks Reactor  
  55  4:58  Marine x2  
  55  4:59  Marauder  
  60  5:02  SCV  
  60  5:06  Barracks Tech Lab  
  61  5:07  Marauder  
  63  5:17  Marine x2  
  63  5:20  SCV  
  63  5:21  Marauder  
  68  5:22  Refinery  
  68  5:27  Terran Infantry Armor Level 1  
  68  5:28  Supply Depot  
  68  5:29  Starport, Marine, Marauder  
  68  5:34  Marine x2  
  68  5:35  Factory Reactor, Marine  
  73  5:37  SCV  
  73  5:39  SCV  
  73  5:42  Marine  
  75  5:46  Combat Shields  
  75  5:49  SCV  
  76  5:53  SCV  
  76  5:56  Marine, Marauder  
  80  6:01  Marine x2, Marauder  
  82  6:14  Marine, Marauder  
  82  6:17  Medivac  
  82  6:18  Medivac, Marauder  
  91  6:21  Marine  
  91  6:22  Marine  
  91  6:26  Marauder  
  91  6:31  Supply Depot  
  93  6:35  Supply Depot, Marine  
  94  6:50  Marine  
  94  6:53  Medivac, Marauder x3  
  102  6:58  Marine x2  
  102  7:01  Supply Depot, Marine  
  100  7:07  Marine  
  92  7:14  Marine x2  
  85  7:18  Marine  
  85  7:19  Marauder  
  85  7:21  SCV  
  81  7:24  Marine  
  81  7:29  Marine  
  73  7:31  Marine  
  61  7:38  Marine  
  61  7:40  Marine  
  61  7:44  Marine  
  54  7:50  Marine  
  50  7:54  SCV x2  
  52  8:03  Medivac  
  54  8:06  Medivac, SCV  
  54  8:09  Marine x2  
  59  8:16  Liberator  
  58  8:21  Marine  
  58  8:22  Marauder  
  57  8:29  Missile Turret, Marauder  
  57  8:32  Marauder  
  64  8:39  Marine  
  63  8:42  Marine  
  63  8:44  Marine x2, Marauder  
  71  8:55  SCV  
  71  8:59  Marine  
  73  9:03  Marine  
Tags
 
Add a new tag
Caveats
  • Supply blocks, unpowered buildings, or Contaminate may cause inaccurate times.
  • Supply counts are checked every 10 seconds.